 Dungeon Crawl Stone Soup version 0.31-a0-574-g69dc8cc98e (webtiles) character file.

Game seed: 10414905255607499124

95 javelincjr the Conjurer (level 4, -4/33 HPs)
             Began as a Draconian Conjurer on Aug 18, 2023.
             Killed by divine providence
             ... invoked by an orc priest
              (11 damage)
             ... on level 3 of the Dungeon.
             The game lasted 00:04:25 (2434 turns).

javelincjr the Conjurer (Draconian Conjurer)        Turns: 2434, Time: 00:04:26

Health: -4/33      AC:  6    Str: 10    XL:     4   Next: 39%
Magic:  0/8        EV: 12    Int: 20    God:
Gold:   108        SH:  0    Dex:  9    Spells: 7/8 levels left

rFire   + . .        j - +2 mace (protect)
rCold   + . .        (no shield)
rNeg    . . .        (body armour unavailable)
rPois   .            (helmet restricted)
rElec   .            h - scarf {rC+ rF+}
rCorr   .            c - +0 pair of gloves
SInv    .            (no boots)
Will    .....        e - amulet of guardian spirit
Stlth   ++           (no ring)
HPRegen 0.25/turn    (no ring)
MPRegen 0.11/turn

%: guardian spirit
@: no status effects
A: AC +5, unfitting armour, cold-blooded
a: no special abilities


You were on level 3 of the Dungeon.
You visited 1 branch of the dungeon, and saw 3 of its levels.

You collected 108 gold pieces.

Inventory:

Hand Weapons
 g - a +0 spear
 j - a +2 mace of protection (weapon)
Armour
 c - a +0 pair of gloves (worn)
 h - a scarf of resistance (worn)
Magical Staves
 q - a staff of earth
Jewellery
 e - an amulet of guardian spirit (around neck)
 l - a +6 ring of strength
Scrolls
 b - a scroll of enchant armour {unknown}
 d - 3 scrolls of fog {unknown}
 f - a scroll of blinking {unknown}
 i - 3 scrolls of identify {unknown}
 k - a scroll of vulnerability {unknown}
 m - a scroll of immolation {unknown}
 n - 3 scrolls of poison {unknown}
 p - a scroll of fear {unknown}
Potions
 a - a potion of magic
 o - a potion of attraction {unknown}
 r - a potion of ambrosia {unknown}


   Skills:
 + Level 2.5 Dodging
 + Level 2.7 Stealth
 + Level 2.7 Spellcasting
 + Level 4.5 Conjurations


You had 7 spell levels left.
You knew the following spells:

 Your Spells              Type           Power      Damage    Failure   Level
a - Magic Dart            Conj           80%        1d7       2%          1

Your spell library contained the following spells:

 Spells                   Type           Power      Damage    Failure   Level
 Searing Ray              Conj           40%        2d5       3%          2
 Apportation              Tloc           4%         N/A       14%         1
 Dazzling Flash           Conj/Hex       22%        N/A       17%         3
 Ensorcelled Hibernation  Hex/Ice        4%         N/A       22%         2
 Fulminant Prism          Conj/Hex       5%         3d7       50%         4
 Iskenderun's Mystic Bla  Conj/Tloc      11%        2d4       50%         4
 Anguish                  Hex/Necr       1%         N/A       82%         4
 Alistair's Intoxication  Tmut/Pois      1%         N/A       99%         5


Dungeon Overview and Level Annotations

Branches:
Dungeon (3/15)

Altars:


Innate Abilities, Weirdness & Mutations

Your plain brown scales are hard. (AC +5)
You cannot fit into any form of body armour.
You are cold-blooded and may be slowed by cold attacks.


Message History

The orc hits you but does no damage.
You closely miss the orc. The orc barely misses you.
You hit the orc.
Your weapon exudes an aura of protection.
The orc is lightly wounded.
The orc hits you with a +0 mace.
You hit the orc.
You kill the orc!
You start resting.
An orc priest is nearby!
The magic dart hits the orc priest.
The orc priest is lightly wounded.
The orc priest shouts!
The orc priest calls down the wrath of Beogh upon you.
Beogh smites you!
The magic dart hits the orc priest.
The orc priest is moderately wounded.
The magic dart hits the orc priest.
The orc priest is moderately wounded.
The orc priest calls down the wrath of Beogh upon you.
Beogh smites you!
You are too injured to fight recklessly!
You are too injured to fight recklessly!
Casting: Magic Dart (safe; 2% risk of failure)
Confirm with . or Enter, or press ? or * to list all spells.
Aiming: Magic Dart (safe; 2% risk of failure)
Press: ? - help, Shift-Dir - straight line, f/p - orc priest
Aim: an orc priest, wielding a +0 trident and wearing a +0 leather armour (moderately wounded, 100% to hit)
The magic dart hits the orc priest.
The orc priest is severely wounded.
The orc priest hits you with a +0 trident.
* * * LOW HITPOINT WARNING * * *
You barely miss the orc priest. You tail-slap the orc priest.
The orc priest is almost dead.
The orc priest completely misses you.
You barely miss the orc priest.
The orc priest is almost dead.
The orc priest calls down the wrath of Beogh upon you.
Beogh smites you!
You die...

#...~~~~..# #...........)# #
#.........###........†...## #
..................†.......# #
.)..................).....# #
...####............######.# #
...# #......#.....# #.# # ...#
#......#.....# #.####### ...#
##.######....(######.#...... ..o.
..........o@......)........>
...####.##.....########.#........
...# #........'........###.####.
..###.....#######.)# #.####.
#...).# #..# #...... #.....# #..#
######) ####### #..########)
#.........#. ##.....


You could see an orc priest.

Vanquished Creatures
  An orc wizard (D:3)
  An adder (D:2)
  A gnoll (D:1)
  2 dart slugs
  6 orcs (D:3)
  2 endoplasms
  7 goblins
  A hobgoblin (D:1)
  2 quokkas
  2 ball pythons
  6 bats
  3 frilled lizards
  3 kobolds
  5 rats
42 creatures vanquished.

Notes
Turn   | Place    | Note
-------+----------+-------------------------------------------
     0 | D:1      | javelincjr the Draconian Conjurer began the quest for the
                  | Orb.
     0 | D:1      | Reached XP level 1. HP: 14/14 MP: 3/3
   638 | D:1      | Reached XP level 2. HP: 20/20 MP: 3/5
  1361 | D:2      | Reached XP level 3. HP: 26/26 MP: 0/6
  2377 | D:3      | Reached XP level 4. HP: 25/33 MP: 0/8
  2434 | D:3      | Killed from afar by an orc priest

Illustrated notes

Levels and vault maps discovered:
D:1:      dpeg_arrival_rooms_a, layout_basic, serial_curves, eino_curves_02,
          eino_curves_04, minmay_splitting_lines, serial_bayou_lagoon_a
D:2:      layout_loops_ring
D:3:      layout_basic, serial_park_tiny_pond

Skill      XL: |  1 |
---------------+----+-----
Dodging        | 2 |  2.5
Stealth        | 2 |  2.7
Spellcasting   | |  2.7
Conjurations   | |  4.5

Action                     |  1- 3 |  4- 6 || total
---------------------------+-------+-------++-------
  Melee: Spear             |     6 |       ||     6
         Unarmed           |     3 |       ||     3
         Tailslap          |     3 |     1 ||     4
         Mace              |    25 |     6 ||    31
         Punch             |     1 |       ||     1
   Cast: Magic Dart        |    67 |     7 ||    74
   Stab: Sleeping          |     2 |       ||     2
 Armour: Skin              |    12 |     1 ||    13
  Dodge: Dodged            |    28 |     4 ||    32

Table legend: (Time is in decaauts)
 A = Elapsed time spent in this place.
 B = Non-inter-level travel time spent in this place.
 C = Inter-level travel time spent in this place.
 D = Time resting spent in this place.
 E = Time spent auto-exploring this place.
 F = Levels seen in this place.
 G = Mean time per level.
                   A        B        C        D        E       F      G
               +--------+--------+--------+--------+--------+-----+--------+
         Total |   2446 |   2366 |     80 |     51 |   1996 |   3 |  815.3 |
       Dungeon |   2446 |   2366 |     80 |     51 |   1996 |   3 |  815.3 |
               +--------+--------+--------+--------+--------+-----+--------+

Top non-repeatable levels by time:
     D:1: 1302 daAuts
     D:2: 782 daAuts
     D:3: 361 daAuts
